 Dungeon Crawl Stone Soup version 0.28-a0-804-g60983d4ba9 (webtiles) character file.

Game seed: 12467770274890968713

510 vurker the Gusty (level 6, 28/28 HPs)
             Began as a Felid Air Elementalist on Nov 7, 2021.
             Was a Follower of Vehumet.
             Quit the game on level 5 of the Dungeon.
             The game lasted 00:08:11 (6059 turns).

vurker the Gusty (Felid Air Elementalist)           Turns: 6059, Time: 00:08:11

Health: 28/28      AC:  2    Str:  4    XL:     6   Next: 98%
Magic:  14/14      EV: 17    Int: 20    God:    Vehumet [*.....]
Gold:   333        SH:  0    Dex: 17    Spells: 9/15 levels left
                                        Lives:  0   Deaths: 2

rFire   . . .      SeeInvis +   (weapon unavailable)
rCold   + . .      Faith    .   (shield unavailable)
rNeg    . . .      Spirit   .   (armour unavailable)
rPois   +          Reflect  .   (helmet unavailable)
rElec   .          Harm     .   (cloak unavailable)
rCorr   .          Rampage  .   (gloves unavailable)
Will    .....                   (boots unavailable)
Stlth   ++........              h - amulet of magic regeneration
HPRegen 0.09/turn               n - ring of protection from cold
MPRegen 0.39/turn               c - ring of the Witching Pariah {rPois Int+2}

@: quick
A: very small, claws 1, fangs 3, see invisible, speed 1, shaggy fur 2, stealthy
paws, no weapons or thrown items, no armour, multi-lived
a: Renounce Religion


You were on level 5 of the Dungeon.
You worshipped Vehumet.
Vehumet was aware of your devotion.
You visited 1 branch of the dungeon, and saw 5 of its levels.

You collected 333 gold pieces.

Inventory:

Jewellery
 b - a ring of fire
   (You found it on level 5 of the Dungeon)
 c - the ring of the Witching Pariah (right paw) {rPois Int+2}
   (You acquired it on level 5 of the Dungeon)

   [ring of poison resistance]

   Int:       It affects your intelligence (+2).
   rPois:     It protects you from poison.
 h - an amulet of magic regeneration (around neck)
   (You found it on level 2 of the Dungeon)
 n - a ring of protection from cold (left paw)
   (You found it on level 4 of the Dungeon)
Scrolls
 a - a scroll of fog
 g - a scroll of teleportation
Potions
 d - a potion of magic
 e - a potion of curing
 f - a potion of ambrosia {unknown}
 i - 2 potions of lignification
 l - a potion of invisibility {unknown}
 m - 2 potions of degeneration
 o - a potion of flight
 p - 2 potions of attraction
 r - 3 potions of brilliance


   Skills:
 + Level 3.4 Fighting
 - Level 2.6 Dodging
 - Level 2.6 Stealth
 * Level 5.2 Spellcasting
 - Level 3.0 Conjurations
 + Level 2.3 Ice Magic
 * Level 5.6 Air Magic


You had 9 spell levels left.
You knew the following spells:

 Your Spells              Type           Power      Damage    Failure   Level
a - Shock                 Conj/Air       88%        1d8       1%          1
b - Freeze                Ice            56%        1d7       4%          1
c - Airstrike             Air            13%        N/A       11%         4

Your spell library contained the following spells:

 Spells                   Type           Power      Damage    Failure   Level
 Static Discharge         Conj/Air       22%        N/A       3%          2
 Swiftness                Air            27%        N/A       3%          3
 Blink                    Tloc           10%        N/A       17%         2
 Summon Guardian Golem    Hex/Summ       5%         N/A       34%         3
 Summon Ice Beast         Ice/Summ       9%         N/A       56%         4
 Summon Mana Viper        Hex/Summ       5%         N/A       97%         5
 Monstrous Menagerie      Summ           2%         N/A       100%        7
 Orb of Destruction       Conj           8%         9d4       100%        7
 Spellforged Servitor     Conj/Summ      5%         N/A       100%        7


Dungeon Overview and Level Annotations

Branches:
Dungeon (5/15)
 Temple: D:4-7

Altars:
Dithmenos
Fedhas
Makhleb
Ru
Vehumet
Xom

Shops:
D:3 =

Annotations:
D:5 Edmund


Innate Abilities, Weirdness & Mutations

You have sharp claws.
You have razor-sharp teeth.
You have supernaturally acute eyesight. (SInv)
You cover ground quickly. (Speed+)
You are covered in thick fur. (AC +2)
Your paws help you pounce on unaware monsters.
You are incapable of wielding weapons or throwing items.
You cannot wear armour.
You gain extra lives every three experience levels.


Message History

The zap misses the gnoll sergeant.
The zap hits the gnoll!
The gnoll sergeant barely misses you.
Edmund the Younger comes into view.
He is wielding a +3 flail of draining.
Edmund shouts!
Edmund says, "I'm quite good with sums, too."
There is a stone staircase leading up here.
Aim: a gnoll sergeant, wielding a +0 trident, wearing a +0 scale mail and wearing a +0 buckler (almost dead, 81% to hit)
The zap hits the gnoll sergeant but does no damage.
The zap hits the gnoll.
The zap misses the gnoll. x2
The gnoll sergeant closely misses you.
Aim: a gnoll sergeant, wielding a +0 trident, wearing a +0 scale mail and wearing a +0 buckler (almost dead, 81% to hit)
The zap misses the gnoll sergeant.
The zap hits the gnoll!
You kill the gnoll!
Vehumet accepts your kill.
You feel your power returning.
The zap hits the gnoll!
You kill the gnoll!
Vehumet accepts your kill.
The zap hits the gnoll.
The gnoll sergeant misses you.
Aim: a gnoll sergeant, wielding a +0 trident, wearing a +0 scale mail and wearing a +0 buckler (almost dead, 81% to hit)
The zap hits the gnoll sergeant!
You kill the gnoll sergeant!
Vehumet accepts your kill.
The zap hits the gnoll.
Aim: a gnoll, wielding a +0 spear (heavily wounded, 77% to hit)
The zap hits the gnoll but does no damage.
Aim: a gnoll, wielding a +0 spear (heavily wounded, 77% to hit)
The zap hits the gnoll.
The gnoll misses you.
Aim: a gnoll, wielding a +0 spear (heavily wounded, 77% to hit)
The zap hits the gnoll.
You kill the gnoll!
Vehumet accepts your kill.
You feel your power returning.
The zap misses Edmund.
The zap hits Edmund.
Edmund hits you with a +3 flail of draining!
You feel drained.
The zap hits Edmund. x2; Edmund misses you.
The zap hits Edmund. x2
Edmund hits you with a +3 flail of draining.
* * * LOW HITPOINT WARNING * * *
You feel drained.
* * * LOW HITPOINT WARNING * * *
Unknown command.
The zap hits Edmund but does no damage.
The zap hits Edmund.
Edmund hits you with a +3 flail of draining!
You die...
You feel drained.
You are now level 6!
You rejoin the land of the living...
Found 4 gold pieces.
Unknown command.

§.......####.......###
≈.......#.#..........#
≈............##..#.###
≈............#######
≈.......†......#..#
.......<@)))......#
#.................##
##.................###
#.......##...>..@....#
.........#...........#
##.....................#
###....................#
#....#...##.......).....#
#..####..##..............
#..# #....#.............#
...###..........#.$.....##
....##.)......# # ..#..#


There were no monsters in sight!

Vanquished Creatures
  Grinder (D:4)
  A water moccasin (D:5)
  A black bear (D:5)
  A phantom (D:5)
  A gnoll sergeant (D:5)
  A scorpion (D:4)
  A centaur zombie (D:5)
  2 hounds
  An iguana (D:5)
  Crazy Yiuf (D:4)
  Jessica (D:3)
  A bullfrog skeleton (D:5)
  4 orc wizards
  A hound skeleton (D:2)
  Robin (D:4)
  3 adders
  6 gnolls
  2 worms
  3 dart slugs (D:1)
  6 orcs
  7 bats
  9 endoplasms
  2 giant cockroaches
  8 goblins
  11 hobgoblins
  5 jackals
  5 kobolds
  3 quokkas
  4 ball pythons
  3 frilled lizards
  4 rats
100 creatures vanquished.

Vanquished Creatures (others)
  A fungus (D:1)
  4 plants
5 creatures vanquished.

Grand Total: 105 creatures vanquished

Notes
Turn   | Place    | Note
-------+----------+-------------------------------------------
     0 | D:1      | vurker the Felid Air Elementalist began the quest for the
                  | Orb.
     0 | D:1      | Reached XP level 1. HP: 7/7 MP: 4/4
   158 | D:1      | Reached skill level 1 in Conjurations
   210 | D:1      | Reached XP level 2. HP: 12/12 MP: 0/6
   466 | D:1      | Found a faded altar of an unknown god.
  1030 | D:1      | Reached XP level 3. HP: 15/15 MP: 2/7
  1710 | D:2      | Reached skill level 1 in Fighting
  2162 | D:2      | Reached XP level 4. HP: 19/19 MP: 2/9
  2909 | D:3      | Found Beruwe's Jewellery Boutique.
  2922 | D:3      | Learned a level 4 spell: Airstrike
  2959 | D:3      | Found a radiant altar of Vehumet.
  2984 | D:3      | Became a worshipper of Vehumet
  3001 | D:3      | Noticed Jessica
  3005 | D:3      | Killed Jessica
  3014 | D:3      | Got Jessica's Volume of Orientation
  3152 | D:3      | Reached XP level 5. HP: 14/22 MP: 5/10
  3418 | D:3      | Found a shimmering altar of Xom.
  3707 | D:4      | Noticed Robin
  3714 | D:4      | Killed Robin
  3859 | D:4      | Reached * piety under Vehumet
  3859 | D:4      | Offered knowledge of Freeze by Vehumet.
  3877 | D:4      | Learned a level 1 spell: Freeze
  3944 | D:4      | Noticed Grinder
  3968 | D:4      | Slain by Grinder
  3969 | D:4      | Reached XP level 4. HP: -2/19 MP: 7/10
  4053 | D:4      | Killed Grinder
  4054 | D:4      | Reached skill level 1 in Ice Magic
  4054 | D:4      | Reached XP level 5. HP: 21/23 MP: 4/12
  4054 | D:4      | Gained mutation: You are covered in thick fur. (AC +2)
                  | [Felid growth]
  4054 | D:4      | Reached XP level 6. HP: 24/27 MP: 4/13
  4181 | D:4      | Found a runed translucent door.
  4182 | D:4      | Noticed Crazy Yiuf
  4490 | D:4      | Found a burning altar of Makhleb.
  4687 | D:4      | Killed Crazy Yiuf
  4888 | D:5      | Entered Level 5 of the Dungeon
  4910 | D:5      | Found a sacrificial altar of Ru.
  5175 | D:5      | Reached XP level 7. HP: 19/30 MP: 9/14
  5336 | D:5      | Found a blossoming altar of Fedhas.
  5355 | D:5      | Reached skill level 5 in Air Magic
  5767 | D:5      | Reached skill level 5 in Spellcasting
  5933 | D:5      | Identified a scroll of acquirement
  5933 | D:5      | Acquired the ring of the Witching Pariah {rPois Int+2}
  5968 | D:5      | Found a shadowy altar of Dithmenos.
  6043 | D:5      | Noticed Edmund
  6058 | D:5      | Slain by Edmund
  6059 | D:5      | Reached XP level 6. HP: -1/24 MP: 9/14
  6059 | D:5      | Quit the game

Illustrated notes

Levels and vault maps discovered:
D:1:      saegor_arrival_simple_c, layout_loops_ring,
          shapermc_ecumenical_altar_mp_ritualfount
D:2:      layout_basic
D:3:      layout_rooms, mainiacjoe_overflow_24_doors,
          mainiacjoe_overflow_boulevard, serial_shops, nicolae_shop_crystal,
          kennysheep_jessica_study
D:4:      layout_loops_ring, makhleb_heckhound_becter, uniq_crazy_yiuf_cottage,
          uniq_robin, uniq_grinder
D:5:      layout_cave_pools, amcnicky_altar_gilded,
          mainiacjoe_overflow_catwalk_spiral, chequers_serial_rivers_micro_b,
          kennysheep_generic_room_6, uniq_edmund

Skill      XL: |  1  2  3  4  5  6  7 |
---------------+----------------------+-----
Conjurations   | 1 2 3 |  3.0
Air Magic      | 3 4 5 |  5.6
Fighting       | 1 2 3 |  3.4
Spellcasting   | 4 5 |  5.2
Ice Magic      | 1 2 |  2.3
Dodging        | |  2.6
Stealth        | |  2.6

Action                   |  1- 3 |  4- 6 |  7- 9 || total
-------------------------+-------+-------+-------++-------
Melee: Unarmed           |    12 |     3 |     1 ||    16
       Bite              |     1 |     1 |       ||     2
 Cast: Shock             |    98 |   148 |    69 ||   315
  Use: Potion            |       |     1 |       ||     1
       Scroll            |       |     6 |     9 ||    15
Armor: Skin              |       |     2 |     2 ||     4
Dodge: Dodged            |    18 |    31 |    23 ||    72

Table legend: (Time is in decaauts)
 A = Elapsed time spent in this place.
 B = Non-inter-level travel time spent in this place.
 C = Inter-level travel time spent in this place.
 D = Time resting spent in this place.
 E = Time spent auto-exploring this place.
 F = Levels seen in this place.
 G = Mean time per level.
                   A        B        C        D        E       F      G
               +--------+--------+--------+--------+--------+-----+--------+
         Total |   5488 |   5354 |    134 |    295 |   4316 |   5 | 1097.6 |
       Dungeon |   5488 |   5354 |    134 |    295 |   4316 |   5 | 1097.6 |
               +--------+--------+--------+--------+--------+-----+--------+

Top non-repeatable levels by time:
     D:4: 1493 daAuts
     D:2: 1270 daAuts
     D:1: 1244 daAuts
     D:5: 874 daAuts
     D:3: 605 daAuts
